Cogmind - Beta 16 @@@ ROGUE MODE // 2025.11.05 @ 22:17:12 Player: FrigidRock Result: Defending 0bPrime! Performance ------------- Evolutions (7) 3500 Regions Visited (25) 5000 Robots Destroyed (125) 625 Value Destroyed (4172) 4172 Prototype IDs (101) 2020 Alien Tech Used (2) 400 Bonus (19381) 19381 TOTAL SCORE: 35098 Bonus ------- High Alert Combat Kills 339 Follower Combat Kills 186 Registered with UFD 300 Met Optimus in HQ 500 Met Data Miner 300 Met Zhirov 300 Met Warlord at Base 500 MAIN.C Attacked Warlord 500 Met Optimus at Protoforge 1000 Executed Drillbomb Mission 10000 Optimus Survived to 0b1 3000 Win 3000 Friendly Fire -544 Cogmind --------- Core Integrity 274/1300 Matter 300/300 Energy 420/420 System Corruption 0% Temperature Cool (0) Movement Flying (36) Location 0bPrime Parts ------- > --- POWER (2) -------- Light Antimatter Reactor Improved Quantum Reactor > --- PROPULSION (8) --- Impulse Thruster Array Impulse Thruster Array Impulse Thruster Array Impulse Thruster Array > --- UTILITY (9) ------ Medium Storage Unit Long-range Sensor Array Experimental Core Analyzer Advanced Kinecellerator Makeshift Core Shielding Makeshift Core Shielding Centrium Light Armor Plating Experimental System Purifier > --- WEAPON (2) ------- Helical Railgun > --- INVENTORY (10) --- (None) Peak State ------------ > --- POWER ------------ Improved Quantum Reactor Matter Drive > --- PROPULSION ------- Impulse Thruster Array Impulse Thruster Array Impulse Thruster Array Impulse Thruster Array > --- UTILITY ---------- Experimental Heat Sink Experimental Optical Array Long-range Sensor Array Experimental Core Analyzer Experimental Armor Integrity Analyzer Experimental Kinecellerator Experimental ECM Suite Advanced Hacking Suite A0-MCA's Component Scanner > --- WEAPON ----------- Concept XC Strikerail Concept XC Strikerail > --- INVENTORY -------- Subatomic Replicator Vortex Cannon Fusion Bomb Launcher DRS Beacon Botcube [Rating: 193] Favorites ----------- Power Light Angular Momentum Engine Engine Light Angular Momentum Engine Power Core Light Fission Core Reactor Light Antimatter Reactor Propulsion Impulse Thruster Array Leg Aluminum Leg Hover Unit Gravmag Array Flight Unit Impulse Thruster Array Utility Hacking Suite Device Structural Scanner Storage Medium Storage Unit Processor A0-MCA's Component Scanner Hackware Hacking Suite Protection Medium Armor Plating Weapon Magnetic Acceleration Cannon Energy Gun Beam Rifle Energy Cannon Heavy Phase Cannon Ballistic Gun Helical Railgun Ballistic Cannon Magnetic Acceleration Cannon Launcher Precision Rocket Launcher Special Weapon CPS Tube Slashing Weapon Greatsword Piercing Weapon Experimental Jetlance Special Melee Weapon Datajack Build | -11 -10 -10 -10 -9 -9 -6 -6 -6 -6 -6 -6 -5 -5 -5 -5 -5 -4 -4 -4 -4 -4 -3 -3 -3 -3 ------- Run | Yrd Mat Min Sub Rec Scr Fac Was Fac Low Low Dat Pro Fac Upp Upp Zhi Pro Fac Upp Upp War Pro Res Qua Frg Slots Evolved 14 | . . . . . . 8 . . . . . . 2 . . . . 2 . . . . 2 . . Power 1 | . . . . . . 1 . . . . . . . . . . . . . . . . . . . Propulsion 6 | . . . . . . 4 . . . . . . . . . . . . . . . . 2 . . Utility 7 | . . . . . . 3 . . . . . . 2 . . . . 2 . . . . . . . Weapon . | . . . . . . . . . . . . . . . . . . . . . . . . . . Parts Attached 214 | 7 9 3 5 4 5 19 . 13 3 4 . 2 24 6 . 6 1 31 2 1 3 2 9 5 50 Power 38 | 1 2 . 1 1 1 4 . 3 . . . 1 3 2 . 1 . 5 . 1 . . 2 1 9 Engine 15 | 1 2 . . 1 1 2 . 3 . . . . 3 1 . . . 1 . . . . . . . Core 6 | . . . 1 . . 2 . . . . . 1 . 1 . . . 1 . . . . . . . Reactor 17 | . . . . . . . . . . . . . . . . 1 . 3 . 1 . . 2 1 9 Propulsion 64 | 2 2 . 1 2 2 7 . 3 2 1 . . 10 3 . 2 1 9 . . 2 . 4 1 10 Treads . | . . . . . . . . . . . . . . . . . . . . . . . . . . Leg 7 | 2 2 . 1 . . 1 . . . . . . 1 . . . . . . . . . . . . Wheel . | . . . . . . . . . . . . . . . . . . . . . . . . . . Hover 27 | . . . . . . 6 . 3 1 . . . 8 3 . 2 1 3 . . . . . . . Flight 30 | . . . . 2 2 . . . 1 1 . . 1 . . . . 6 . . 2 . 4 1 10 Utility 63 | 2 1 1 1 1 1 4 . 4 . 1 . . 6 1 . 2 . 10 1 . 1 . 1 2 23 Device 33 | 1 1 . 1 . 1 1 . 2 . . . . 3 . . 1 . 6 1 . . . 1 2 12 Storage 4 | 1 . . . . . . . 1 . . . . 1 . . . . . . . . . . . 1 Processor 11 | . . . . . . 1 . . . . . . 1 1 . . . 2 . . 1 . . . 5 Hackware 8 | . . . . . . 2 . 1 . 1 . . 1 . . 1 . 2 . . . . . . . Protection 7 | . . 1 . 1 . . . . . . . . . . . . . . . . . . . . 5 Artifact . | . . . . . . . . . . . . . . . . . . . . . . . . . . Weapon 49 | 2 4 2 2 . 1 4 . 3 1 2 . 1 5 . . 1 . 7 1 . . 2 2 1 8 Energy Gun 11 | . 2 2 1 . . . . . . . . . . . . . . 4 . . . 2 . . . Energy Cannon 7 | . . . . . . 1 . 2 . . . . 2 . . . . . . . . . 1 1 . Ballistic Gun 14 | 2 2 . . . . . . . . 1 . 1 . . . . . 2 . . . . . . 6 Ballistic Cannon 4 | . . . . . . 2 . . . . . . 2 . . . . . . . . . . . . Launcher 8 | . . . 1 . . 1 . 1 1 . . . 1 . . . . 1 . . . . 1 . 1 Special Weapon 2 | . . . . . 1 . . . . . . . . . . 1 . . . . . . . . . Impact Weapon . | . . . . . . . . . . . . . . . . . . . . . . . . . . Slashing Weapon 1 | . . . . . . . . . . 1 . . . . . . . . . . . . . . . Piercing Weapon 1 | . . . . . . . . . . . . . . . . . . . . . . . . . 1 Special Melee Weapon 1 | . . . . . . . . . . . . . . . . . . . 1 . . . . . . Unidentified Prototypes 7 | . . . . . 1 . . . . . . . 1 . . 4 . . . . . . . 1 . Corrupted Parts 4 | . . . . . . . . 1 . . . . 2 . . . . 1 . . . . . . . System Corruption 13 | . . . . . . . . 1 . . . . 9 . . . . 3 . . . . . . . Parts Lost 79 | . 3 . 7 . . 4 . 6 2 2 . 4 8 4 1 . 5 9 . 1 . . 1 2 20 Power 15 | . . . 1 . . 1 . 3 . 1 . 1 2 . . . 1 1 . 1 . . . 1 2 Propulsion 30 | . 2 . 2 . . 1 . 2 1 . . 2 5 3 1 . 1 3 . . . . . 1 6 Utility 21 | . . . 2 . . 1 . 1 . . . . . 1 . . 2 5 . . . . . . 9 Weapon 13 | . 1 . 2 . . 1 . . 1 1 . 1 1 . . . 1 . . . . . 1 . 3 Highest Loss Streak 6 | . 3 . 4 . . 1 . 3 5 2 . 3 4 4 1 . 5 6 . 1 . . 1 2 6 To Critical Strikes . | . . . . . . . . . . . . . . . . . . . . . . . . . . Average Backups 5 | 1 5 7 5 4 5 5 6 6 6 7 7 7 6 6 7 7 7 6 8 8 7 7 7 7 1 Power . | . 2 2 2 1 1 . 1 . . . . . . . 1 1 . . 1 1 . . . . . Propulsion . | . 1 1 . . . . 1 1 1 . . . . . . . . . 1 1 1 2 1 1 . Utility 1 | . . 1 1 2 2 1 1 2 3 3 3 3 2 2 3 3 3 1 1 1 . . . . . Weapon 2 | . . 2 1 1 1 2 2 1 1 2 3 3 3 2 2 2 1 2 4 4 4 4 4 3 . Tool/Special . | . . . . . . . . . . . . . . . . . . . . . . . . . . Unused Backups 18 | . . 1 . . 2 . . 1 . . . . . 1 . 1 . 2 . . 2 . . . 8 Power . | . . . . . . . . . . . . . . . . . . . . . . . . . . Propulsion . | . . . . . . . . . . . . . . . . . . . . . . . . . . Utility 12 | . . . . . 1 . . 1 . . . . . 1 . 1 . 2 . . 1 . . . 5 Weapon 4 | . . 1 . . 1 . . . . . . . . . . . . . . . 1 . . . 1 Tool/Special 2 | . . . . . . . . . . . . . . . . . . . . . . . . . 2 Average Slot Usage (%) 77 | . 99 99 96 49 60 74 68 79 68 68 66 65 74 88 99 87 94 90 86 91 89 90 85 73 73 Engine 4 | . 14 14 8 1 4 3 . 5 6 2 . . 7 6 5 5 4 2 5 2 4 5 1 . . Core 1 | . . . 4 . . 8 9 4 . . . 4 . 3 5 2 . 1 . . . . . . . Reactor 2 | . . . . . . . . . . . . . . . . 2 5 5 5 5 5 5 6 7 8 Leg 4 | . 27 28 25 4 . 3 . . . . . . . . . . . . . . . . . . . Hover 10 | . . . . . . 23 26 25 19 20 20 13 12 25 34 32 34 25 . . . . . . . Flight 11 | . . . . 19 28 . . . 2 4 6 6 5 . . . . 4 31 31 31 31 30 27 20 Device 9 | . 14 3 8 . 4 4 6 9 . . . . 4 15 11 10 8 13 16 21 18 15 14 22 19 Storage 7 | . 14 14 14 8 14 6 6 6 6 6 6 6 5 5 5 5 5 5 5 5 5 5 4 4 2 Processor 2 | . . . . . . 3 . . . . . . . 1 5 5 5 10 5 5 7 10 8 4 6 Hackware 8 | . . . . . . 8 13 13 20 25 26 26 28 17 17 18 14 11 10 10 10 10 9 4 1 Protection 3 | . . 10 5 9 8 . . . . . . . . . . . . . . . . . . . 5 Energy Gun 2 | . 1 20 25 5 . . . . . . . . . . . . . 5 5 5 . 1 . . . Energy Cannon 1 | . . . . . . 1 . 4 6 1 . . 3 7 10 . 8 1 . . . . 3 . . Ballistic Gun 3 | . 26 6 . . . . . . . 3 . 1 1 . . . . . . . . . . . 6 Peak Build Rating 193 | 9 9 10 11 7 22 65 55 71 52 59 54 61 81 81 76 92 92 128 120 120 120 128 151 153 193 Average Rating 65 | 5 7 9 8 5 8 50 52 63 49 53 54 52 55 68 75 73 89 111 116 118 116 121 145 137 162 On Entrance 64 | . 9 7 10 2 7 9 55 45 47 50 54 54 37 81 76 71 92 88 115 120 117 120 120 133 146 Avg Prop Armor Cover (%) 6 | . . . 21 20 . 6 . . 2 12 15 3 3 2 2 . . 2 . . . . 2 2 . Naked Turns . | . . . . . . . . . . . . . . . . . . . . . . . . . . Heaviest Build 70 | 13 15 19 19 12 12 39 31 49 31 31 15 36 49 59 43 58 59 66 40 40 40 39 62 66 70 Greatest Support 77 | 20 20 20 20 8 8 60 50 60 52 52 20 52 63 63 56 67 66 65 42 42 44 44 62 72 77 Greatest Overweight (x) 1 | 1 1 . 1 1 1 1 . . . . . 1 1 1 . . . 1 . . . . 1 . 1 Average Overweight (x) . | . . . . . . . . . . . . . . . . . . . . . . . . . . Largest Inventory Capacity 10 | 8 8 8 8 8 8 8 8 10 10 10 10 10 10 10 10 10 10 10 10 10 10 10 10 10 10 Average Capacity 8 | 7 8 8 7 6 8 8 8 9 10 10 10 10 10 10 10 10 10 10 10 10 10 10 10 10 8 Most Carried 10 | 2 7 8 8 5 8 8 8 10 10 10 9 10 10 10 10 10 10 10 10 10 10 10 10 10 10 Average Carried 7 | 1 5 7 5 4 6 7 8 8 9 9 9 9 8 8 9 9 8 8 10 9 9 9 9 9 5 Final Capacity 10 | 8 8 8 5 8 8 8 8 10 10 10 10 10 10 10 10 10 10 10 10 10 10 10 10 10 10 Final Carried 10 | 2 7 8 5 5 8 8 8 9 10 9 9 9 10 9 10 10 7 10 10 10 10 10 10 10 . Scrap Suit Usage (%) 1 | . . . . . . . . . . . . . . . . . . . . . . . . . 10 Parts Cannibalized 1 | . . . . . . . . . . . . . . . . . . . . . . . . . 1 Class Distribution -------------------- 33% | Hacker-Mutant 32% | Mutant 15% | Scavenger-Mutant 11% | Hacker-Sprinter Dominant Class ---------------- Mutant | -10/Materials Scavenger-Mutant | -10/Mines Scavenger-Mutant | -10/Subcaves Mutant | -9/Recycling Mutant | -9/Scraptown Mutant | -6/Factory Hacker-Mutant | -6/Waste Hacker-Mutant | -6/Factory Hacker-Mutant | -6/Lower Caves Hacker-Mutant | -6/Lower Caves Hacker-Mutant | -6/Data Miner Hacker-Mutant | -5/Proximity Caves Hacker-Mutant | -5/Factory Hacker-Mutant | -5/Upper Caves Derelict-Mutant | -5/Upper Caves Hacker-Mutant | -5/Zhirov Hacker-Mutant | -4/Proximity Caves Hacker-Sprinter | -4/Factory Hacker-Sprinter | -4/Upper Caves Hacker-Sprinter | -4/Upper Caves Hacker-Sprinter | -4/Warlord Hacker-Sprinter | -3/Proximity Caves Hacker-Sprinter | -3/Research Sprinter | -3/Quarantine Scavenger-Mutant | -3/Protoforge Resources | -11 -10 -10 -10 -9 -9 -6 -6 -6 -6 -6 -6 -5 -5 -5 -5 -5 -4 -4 -4 -4 -4 -3 -3 -3 -3 ----------- Run | Yrd Mat Min Sub Rec Scr Fac Was Fac Low Low Dat Pro Fac Upp Upp Zhi Pro Fac Upp Upp War Pro Res Qua Frg Matter Collected 5065 | 111 395 66 88 65 . 158 . 511 174 170 . 70 504 398 75 121 76 534 26 25 56 20 169 . 1253 Remotely . | . . . . . . . . . . . . . . . . . . . . . . . . . . Salvage Created 4353 | 83 403 85 68 . . 96 . 728 89 58 . 242 584 227 165 121 37 1004 . . . . 45 . 318 Parts 235 | 9 21 12 8 . . 10 . 32 4 . . 7 38 12 3 . 1 51 . . . . 3 . 24 Haulers Intercepted 2 | . 2 . . . . . . . . . . . . . . . . . . . . . . . . Recyclers Shooed 10 | 1 . . . . . . . 1 . . . . 6 . . . . 2 . . . . . . . Parts Field Recycled . | . . . . . . . . . . . . . . . . . . . . . . . . . . Retrieved Matter . | . . . . . . . . . . . . . . . . . . . . . . . . . . Parts Self-Destructed 32 | . . . 2 . . . . . 1 . . 6 . 7 8 . . . . 7 . 1 . . . Prevented 5 | . . . . . . . . . . . . . . 3 . . . . . 2 . . . . . Parts Restored . | . . . . . . . . . . . . . . . . . . . . . . . . . . Kills | -11 -10 -10 -10 -9 -9 -6 -6 -6 -6 -6 -6 -5 -5 -5 -5 -5 -4 -4 -4 -4 -4 -3 -3 -3 -3 ------- Run | Yrd Mat Min Sub Rec Scr Fac Was Fac Low Low Dat Pro Fac Upp Upp Zhi Pro Fac Upp Upp War Pro Res Qua Frg Combat Hostiles Destroyed 94 | . 9 3 4 . . 3 . 9 4 . . 4 14 7 5 . 3 17 . . . . 3 . 9 Melee 4 | . . . . . . . . . . . . 3 1 . . . . . . . . . . . . Guns 18 | . 9 3 1 . . . . . . . . 1 1 . . . . . . . . . . . 3 Cannons 13 | . . . . . . 1 . 2 3 . . . 2 4 . . . . . . . . 1 . . AOE 56 | . . . 3 . . 2 . 7 1 . . . 9 3 4 . 3 16 . . . . 2 . 6 Classes Destroyed 18 | 2 4 1 1 . . 2 . 1 . . . . 1 2 . . . 1 . . . . . . 3 Worker 5 | . 1 1 . . . . . 1 . . . . . . . . . 2 . . . . . . . Builder 9 | . . 1 . . . . . 2 . . . . 2 . . . . 4 . . . . . . . Tunneler 2 | 2 . . . . . . . . . . . . . . . . . . . . . . . . . Hauler 2 | . 2 . . . . . . . . . . . . . . . . . . . . . . . . Recycler 8 | 1 . . . . . . . 3 . . . . 1 . . . . 3 . . . . . . . Mechanic 1 | . . . . . . . . . . . . . . . . . . 1 . . . . . . . Operator 3 | . . . . . . 1 . 1 . . . . 1 . . . . . . . . . . . . Drone 1 | . . . . . . . . . . . . . . . . . . . . . . . . . 1 Swarmer 61 | . 3 3 3 . . 2 . 6 4 . . 4 5 6 . . 3 14 . . . . 3 . 5 Cutter 3 | . . . . . . . . 3 . . . . . . . . . . . . . . . . . Saboteur 1 | . . . . . . . . . . . . . 1 . . . . . . . . . . . . Grunt 15 | . 6 . . . . . . . . . . . 3 . 4 . . 2 . . . . . . . Brawler 1 | . . . . . . . . . . . . . . . 1 . . . . . . . . . . Sentry 1 | . . . . . . . . . . . . . . 1 . . . . . . . . . . . Hunter 1 | . . . . . . . . . . . . . . . . . . . . . . . . . 1 Programmer 8 | . . . . . . 1 . . . . . . 5 . . . . 1 . . . . . . 1 Striker 1 | . . . . . . . . . . . . . . . . . . . . . . . . . 1 Subdweller 1 | . . . 1 . . . . . . . . . . . . . . . . . . . . . . Savage 1 | . . . . . . . . . . . . . . 1 . . . . . . . . . . . Best Kill Streak 8 | 3 4 3 3 . . 2 . 3 3 . . 3 8 4 4 . 3 8 . . . . 3 . 3 Combat Bots Only 8 | . 4 3 3 . . 2 . 3 3 . . 3 8 4 4 . 3 6 . . . . 3 . 3 Max Kills in Single Turn 5 | 1 1 2 3 . . 2 . 3 1 . . 1 5 2 2 . 3 3 . . . . 2 . 3 Gunslinging 1 | . . 1 . . . . . . . . . . . . . . . . . . . . . . . Exploded 5 | . . . 3 . . 2 . 3 1 . . . 5 2 2 . 3 3 . . . . 2 . 3 Melee 1 | . . . . . . . . . . . . 1 1 . . . . . . . . . . . . Uniques/NPCs Destroyed . | . . . . . . . . . . . . . . . . . . . . . . . . . . Combat | -11 -10 -10 -10 -9 -9 -6 -6 -6 -6 -6 -6 -5 -5 -5 -5 -5 -4 -4 -4 -4 -4 -3 -3 -3 -3 -------- Run | Yrd Mat Min Sub Rec Scr Fac Was Fac Low Low Dat Pro Fac Upp Upp Zhi Pro Fac Upp Upp War Pro Res Qua Frg Hostile Shots Fired 1043 | . 65 13 36 . . 109 1 68 32 25 . 40 88 24 11 . 25 120 2 5 2 5 65 46 261 Missed 480 | . 17 3 14 . . 51 . 34 14 11 . 14 34 7 3 . 8 56 1 3 2 5 34 28 141 Hits 563 | . 48 10 22 . . 58 1 34 18 14 . 26 54 17 8 . 17 64 1 2 . . 31 18 120 Melee 6 | . . . . . . . 1 3 . . . . 1 . . . . . . . . . . . 1 Projectile 557 | . 48 10 22 . . 58 . 31 18 14 . 26 53 17 8 . 17 64 1 2 . . 31 18 119 AOE 4 | . . . . . . . . 2 . . . . . . . . . 2 . . . . . . . Critical Strikes 21 | . 3 . 1 . . 1 . 1 . . . . 3 . 1 . 2 5 . . . . . . 4 Part Disruptions 3 | . . . . . . . . . . . . . . . . . . . . 1 . . 1 1 . Damage Taken 12609 | . 556 99 524 . . 787 45 837 271 257 . 399 1037 395 153 . 358 1571 28 109 . . 634 343 4206 Core 2498 | . 118 38 54 . . 110 . 186 68 26 . 123 95 77 38 . . 539 . . . . 110 45 871 Absorbed by Shields 22 | . . . . . . . . . . . . . . . . . . . . . . . 14 . 8 Redirected to Shielding 12 | . . . . . . . . . . . . . . . . . . . . . . . . . 12 Ignored by Resistances 6 | . . . . . . . . 6 . . . . . . . . . . . . . . . . . Regen/Repaired (Parts) 149 | . . . . . . . . . . . . . 137 . . . . . . . 3 . . . 9 Core Remaining (%) 51 | 100 . . . . 16 . . . . . . 39 . . . . 79 . . . . 53 . . 21 Volleys Fired 484 | 8 52 8 11 . . 28 . 20 8 8 . 5 77 26 7 4 9 94 1 11 . 5 14 4 84 Largest 2 | 2 2 2 2 . . 2 . 2 2 1 . 2 2 2 2 1 1 2 1 1 . 1 1 1 2 Hottest 176 | 40 60 112 112 . . 129 . 134 134 44 . 70 159 159 159 90 90 176 88 88 . 45 50 50 90 Shots Fired 647 | 16 102 16 17 . . 34 . 29 9 8 . 8 90 37 9 4 9 122 2 10 . 5 14 4 102 Gun 391 | 16 102 16 13 . . . . . . . . 8 16 . . . . 111 2 10 . 5 . . 92 Cannon 206 | . . . . . . 31 . 24 7 8 . . 66 35 3 3 7 2 . . . . 9 4 7 Launcher 49 | . . . 4 . . 3 . 5 2 . . . 8 2 6 . 2 9 . . . . 5 . 3 Special 1 | . . . . . . . . . . . . . . . . 1 . . . . . . . . . Kinetic 298 | 16 97 12 . . . 26 . 12 6 8 . 8 31 3 . . . 6 . . . . . . 73 Thermal 231 | . 5 4 13 . . 5 . 4 1 . . . 47 24 1 3 7 105 2 10 . . . . . Explosive 40 | . . . 4 . . 3 . . 1 . . . 8 2 6 . 2 6 . . . . 5 . 3 Electromagnetic 33 | . . . . . . . . 13 1 . . . 4 8 2 . . 5 . . . . . . . Entropic 44 | . . . . . . . . . . . . . . . . . . . . . . 5 9 4 26 Robot Hit Streak 22 | 4 19 4 8 . . 5 . 6 5 . . 6 7 6 11 15 16 17 . . . . 3 . 22 Robot Miss Streak 7 | 2 3 4 1 . . 1 . 2 2 . . 2 3 1 . . . 7 . . . . 2 1 7 Penetration Max 2 | . . . . . . . . . . . . . 2 . . . . 1 . . . . . . 1 Secondary Targets 3 | . 2 1 . . . . . . . . . . . . . . . . . . . . . . . Max Gunslinging Chain 1 | . 1 1 . . . . . . . . . . . . . . . . . . . . . . . Capacitor 90 | . . . . . . . . . . . . . . . . . . 43 2 10 . 5 9 4 17 Shots Hit Robots 304 | 9 73 9 10 . . 6 . 16 5 1 . 16 33 15 9 4 1 44 . 1 . . 4 . 48 Core Hits 195 | 5 25 5 6 . . 4 . 22 4 1 . 5 28 10 10 3 3 34 . . . . 5 . 25 Critical Kills 4 | . . . . . . . . . . . . 1 2 . 1 . . . . . . . . . . Critical Parts Destroyed 16 | . . . . . . . . . . . . 2 7 . . . . . . . . . . . 7 Critical Strikes 23 | . . . . . . . . 1 . . . 3 9 . 1 . . 1 . . . . 1 . 7 Burn 1 | . . . . . . . . . . . . . . . . . . 1 . . . . . . . Meltdown 1 | . . . . . . . . . . . . . . . 1 . . . . . . . . . . Destroy 17 | . . . . . . . . . . . . 3 9 . . . . . . . . . . . 5 Blast 1 | . . . . . . . . 1 . . . . . . . . . . . . . . . . . Detonate 2 | . . . . . . . . . . . . . . . . . . . . . . . . . 2 Sunder 1 | . . . . . . . . . . . . . . . . . . . . . . . 1 . . Melee Attacks 15 | . . . . . . . . . . 1 . 13 . . . . . . . 1 . . . . . Impact . | . . . . . . . . . . . . . . . . . . . . . . . . . . Slashing 14 | . . . . . . . . . . 1 . 13 . . . . . . . . . . . . . Piercing . | . . . . . . . . . . . . . . . . . . . . . . . . . . Sneak Attacks 1 | . . . . . . . . . . . . . . . . . . . . 1 . . . . . Combat Hostiles . | . . . . . . . . . . . . . . . . . . . . . . . . . . Follow-up Attacks . | . . . . . . . . . . . . . . . . . . . . . . . . . . Damage Inflicted 14243 | 79 663 117 406 . . 247 . 998 231 95 . 759 1774 796 1080 130 247 2970 . . . . 558 . 3093 Guns 4506 | 79 663 117 115 . . . . . . . . 44 130 . . . . 1327 . . . . . . 2031 Cannons 2270 | . . . . . . 145 . 436 188 . . . 677 415 87 130 . 38 . . . . 154 . . Explosions 6610 | . . . 291 . . 89 . 528 43 . . . 967 381 993 . 247 1605 . . . . 404 . 1062 Melee 810 | . . . . . . . . . . 95 . 715 . . . . . . . . . . . . . Ramming 47 | . . . . . . 13 . 34 . . . . . . . . . . . . . . . . . Kinetic 3265 | 79 616 74 . . . 113 . 200 146 . . 44 301 . . . . 120 . . . . . . 1572 Thermal 3727 | . 47 43 115 . . 32 . 210 32 . . . 526 244 33 130 . 1891 . . . . . . 424 Explosive 4735 | . . . 291 . . 89 . 99 43 . . . 861 381 993 . 247 689 . . . . 404 . 638 Electromagnetic 1036 | . . . . . . . . 455 . . . . 86 171 54 . . 270 . . . . . . . Impact 10 | . . . . . . . . . 10 . . . . . . . . . . . . . . . . Slashing 810 | . . . . . . . . . . 95 . 715 . . . . . . . . . . . . . Piercing . | . . . . . . . . . . . . . . . . . . . . . . . . . . Entropic 613 | . . . . . . . . . . . . . . . . . . . . . . . 154 . 459 Highest Corruption 18 | . . . . . . . 10 13 14 14 14 14 14 14 14 14 14 18 18 17 16 . 2 2 13 Average Corruption 10 | . . . . . . . 10 11 13 14 14 14 8 14 14 14 14 7 17 16 16 . 1 2 4 Corruption Purged 24 | . . . . . . . . . . . . . . . . . . . 1 1 . . . . 22 Corruption Blocked . | . . . . . . . . . . . . . . . . . . . . . . . . . . Effects 216 | . . . . . . . 4 43 8 13 . 12 38 20 14 4 6 17 5 4 . . 1 1 26 Message Errors 44 | . . . . . . . . 6 1 2 . . 9 5 7 1 2 4 1 . . . . . 6 Matter Fused 45 | . . . . . . . 1 8 1 4 . 2 6 3 2 1 2 3 . 3 . . . 1 8 Heat Flow Errors 28 | . . . . . . . . 7 2 2 . 2 7 2 1 1 . 3 . . . . . . 1 Energy Discharges 17 | . . . . . . . . 5 1 1 . 1 . 3 1 1 . . 1 . . . 1 . 2 Parts Rejected 8 | . . . . . . . 1 . 3 . . . 1 . . . . . . . . . . . 3 Data Loss (minor) 27 | . . . . . . . . 9 . 1 . 2 3 3 2 . 1 2 1 . . . . . 3 Data Loss (major) 14 | . . . . . . . . 1 . 2 . 2 6 1 . . . 2 . . . . . . . Misfires 8 | . . . . . . . . 2 . . . . 2 2 . . . 1 1 . . . . . . Alerts 8 | . . . . . . . . 2 . . . 1 1 . 1 . 1 1 . . . . . . 1 Misdirections 10 | . . . . . . . 2 1 . 1 . . 1 1 . . . 1 1 . . . . . 2 Weapon Failures 7 | . . . . . . . . 2 . . . 2 2 . . . . . . 1 . . . . . Overload Shots . | . . . . . . . . . . . . . . . . . . . . . . . . . . Overflow Damage 781 | . . . 78 . . 44 . 52 2 . . 189 143 75 12 . . 101 . . . . . . 85 Projectiles 26 | . . . . . . . . . 2 . . . 24 . . . . . . . . . . . . Explosions 566 | . . . 78 . . 44 . 52 . . . . 119 75 12 . . 101 . . . . . . 85 Melee 189 | . . . . . . . . . . . . 189 . . . . . . . . . . . . . Knockbacks 4 | . . . . . . 1 . 1 2 . . . . . . . . . . . . . . . . Impact 1 | . . . . . . 1 . . . . . . . . . . . . . . . . . . . Kinetic 3 | . . . . . . . . 1 2 . . . . . . . . . . . . . . . . Secondary . | . . . . . . . . . . . . . . . . . . . . . . . . . . Self-Inflicted Damage 589 | . . . . . . 144 . 252 28 . . . . 99 . . . 42 . . . . . . 24 Shots 11 | . . . . . . 3 . 3 1 . . . . 2 . . . 1 . . . . . . 1 Rammed 5 | . . . . . . 1 . 4 . . . . . . . . . . . . . . . . . Targets Rammed 5 | . . . . . . 1 . 4 . . . . . . . . . . . . . . . . . Kicked . | . . . . . . . . . . . . . . . . . . . . . . . . . . Crushed . | . . . . . . . . . . . . . . . . . . . . . . . . . . Highest Temperature 476 | . 50 60 288 . . 158 . 275 224 157 . 151 476 252 199 119 66 315 198 198 284 86 88 . 58 Average Temperature 76 | . 16 34 128 . . 27 . 83 84 71 . 74 122 75 72 70 33 78 110 91 84 33 17 . 58 Received Heat Transfer 1915 | . 315 9 402 . . 132 . 159 12 21 . 18 126 18 90 . 87 265 9 9 . . 36 12 195 Effects 4 | . . . 1 . . . . . . . . . 3 . . . . . . . . . . . . Shutdowns 2 | . . . . . . . . . . . . . 2 . . . . . . . . . . . . Energy Bleed 1 | . . . 1 . . . . . . . . . . . . . . . . . . . . . . Interference 1 | . . . . . . . . . . . . . 1 . . . . . . . . . . . . Siege Activations . | . . . . . . . . . . . . . . . . . . . . . . . . . . Martial Activations . | . . . . . . . . . . . . . . . . . . . . . . . . . . Shielding Activations . | . . . . . . . . . . . . . . . . . . . . . . . . . . Robots Disrupted . | . . . . . . . . . . . . . . . . . . . . . . . . . . Combat Hostiles . | . . . . . . . . . . . . . . . . . . . . . . . . . . Robots Corrupted 1 | . . . . . . . . 1 . . . . . . . . . . . . . . . . . Combat Hostiles . | . . . . . . . . . . . . . . . . . . . . . . . . . . Parts Fried 8 | . . . . . . . . 5 . . . . 1 1 . . . 1 . . . . . . . Impact Corruptions . | . . . . . . . . . . . . . . . . . . . . . . . . . . Robots Melted 2 | . . . . . . . . . . . . . . . 1 . . 1 . . . . . . . Combat Hostiles 2 | . . . . . . . . . . . . . . . 1 . . 1 . . . . . . . Parts Melted 12 | . . . . . . . . . . . . . 2 . 2 . . 8 . . . . . . . Heat Transferred 4335 | . 100 111 285 . . 37 . 300 50 . . . 507 259 37 27 . 2348 . . . . . . 274 Parts Sabotaged 3 | . . . . . . . . . . . . . 2 . . . . . . . . . . . 1 Parts Stolen . | . . . . . . . . . . . . . . . . . . . . . . . . . . Parts Stripped . | . . . . . . . . . . . . . . . . . . . . . . . . . . Power Chain Reactions 6 | . . . . . . . . 3 . . . . 1 . . . . 2 . . . . . . . Alert | -11 -10 -10 -10 -9 -9 -6 -6 -6 -6 -6 -6 -5 -5 -5 -5 -5 -4 -4 -4 -4 -4 -3 -3 -3 -3 ------- Run | Yrd Mat Min Sub Rec Scr Fac Was Fac Low Low Dat Pro Fac Upp Upp Zhi Pro Fac Upp Upp War Pro Res Qua Frg Maximum Alert Level 4 | . . . . . . . . 1 . . . . 2 . . . . 4 . . . . 1 1 4 Low Security (%) 64 | 100 100 100 . 100 . 100 100 94 . . . . 79 . . . . 33 . . . . 91 41 . Level 1 3 | . . . . . . . . 5 . . . . 1 . . . . 9 . . . . 8 58 . Level 2 14 | . . . . . . . . . . . . . 18 . . . . 8 . . . . . . 50 Level 3 10 | . . . . . . . . . . . . . . . . . . 22 . . . . . . 33 Level 4 6 | . . . . . . . . . . . . . . . . . . 26 . . . . . . 15 Level 5 . | . . . . . . . . . . . . . . . . . . . . . . . . . . High Security . | . . . . . . . . . . . . . . . . . . . . . . . . . . Max Security . | . . . . . . . . . . . . . . . . . . . . . . . . . . Peak Influence 1575 | 10 80 70 . 108 . 193 64 267 . . . . 523 . . . . 1350 . . . . 217 367 1575 Initial 206 | . 3 . . 54 . . 64 30 . . . . 72 . . . . 59 . . . . . 78 206 Average 297 | 1 15 15 . 29 . 56 54 40 . . . . 132 . . . . 601 . . . . 88 195 828 Influence Increases 8761 | 15 281 126 153 240 . 468 . 626 120 80 . 260 894 240 170 . 115 1932 . . . . 470 379 2192 Destroy 0b10 Robot/C 1980 | . 180 100 60 . . 60 . 180 80 . . 80 280 140 100 . 60 340 . . . . 60 . 260 Destroy 0b10 Robot/NC 165 | 15 15 10 . . . 5 . 35 . 5 . 5 20 . . . . 50 . . . . . . 5 Destroy Leader 264 | . 34 10 . . . 10 . 30 10 . . 10 50 10 10 . 10 40 . . . . 10 . 30 Allied During Kill 15 | . . 6 3 . . . . . . . . . . . . . . 2 . . . . . . 4 Trap Triggered on 0b10 40 | . . . . . . . . . . . . . 40 . . . . . . . . . . . . Successful Hack 308 | . 21 . . 30 . 79 . 24 . . . . 6 . . . . 62 . . . . 18 . 68 Select Force Hacks 320 | . 30 . . 210 . . . . . . . . . . . . . 80 . . . . . . . Disable Machine 765 | . . . . . . 45 . 60 . . . . 60 . . . . 375 . . . . . 30 195 Anti-Garrison Action 350 | . . . . . . . . 200 . . . . . . . . . . . . . . . . 150 Destroy Structure 879 | . 1 . . . . 59 . 37 . . . . 168 . . . . 338 . . . . 112 4 160 Partial Spotted 375 | . . . . . . 30 . 15 . . . . 30 . . . . 60 . . . . 75 15 150 Lose Combat Pursuer 3300 | . . . 90 . . 180 . 45 30 75 . 165 240 90 60 . 45 585 . . . . 195 330 1170 Influence Decreases 7189 | 10 283 129 40 353 . 283 141 588 131 151 . 145 490 471 215 243 20 677 550 202 598 . 331 151 987 Entered New Map 2287 | . 2 3 . 59 . . 121 14 31 15 . . 43 193 55 243 . 36 500 152 598 . . 61 161 Time Decay 3367 | 10 251 126 . 196 . 213 20 261 80 116 . 105 354 238 150 . 20 371 30 40 . . 130 70 586 Lost Part 670 | . 30 . 20 . . 30 . 60 20 20 . 40 70 40 10 . . 90 . 10 . . 10 20 200 Lost Ally 110 | . . . 20 . . . . . . . . . . . . . . 30 20 . . . . . 40 Purge Threat 755 | . . . . 98 . 40 . 253 . . . . 23 . . . . 150 . . . . 191 . . Squads Dispatched 64 | . 2 . . . . 7 . 7 . . . . 11 . . . . 20 . . . . 7 3 7 Investigation 30 | . 2 . . . . 6 . 3 . . . . 4 . . . . 6 . . . . 4 . 5 Extermination 12 | . . . . . . 1 . 2 . . . . 3 . . . . 3 . . . . 2 1 . Reinforcement 15 | . . . . . . . . 2 . . . . 1 . . . . 7 . . . . 1 2 2 Assault 4 | . . . . . . . . . . . . . . . . . . 4 . . . . . . . Garrison 3 | . . . . . . . . . . . . . 3 . . . . . . . . . . . . Intercept . | . . . . . . . . . . . . . . . . . . . . . . . . . . Searches Triggered . | . . . . . . . . . . . . . . . . . . . . . . . . . . Data Miner Redirects 3 | . . . . . . . . . . . . . 2 . . . . . . . . . 1 . . Construction Impeded 4 | . . . . . . . . 1 . . . . . . . . . 2 . . . . 1 . . Haulers Reinforced 1 | . . . . . . . . . . . . . . . . . . 1 . . . . . . . Active Scanning Responses . | . . . . . . . . . . . . . . . . . . . . . . . . . . Cargo Convoy Interrupts 2 | . . . . . . . . . . . . . 1 . . . . 1 . . . . . . . Stealth | -11 -10 -10 -10 -9 -9 -6 -6 -6 -6 -6 -6 -5 -5 -5 -5 -5 -4 -4 -4 -4 -4 -3 -3 -3 -3 --------- Run | Yrd Mat Min Sub Rec Scr Fac Was Fac Low Low Dat Pro Fac Upp Upp Zhi Pro Fac Upp Upp War Pro Res Qua Frg Distress Signals 27 | . 2 . . . . . . 1 . . . . 3 . . . . 6 . . . . 2 1 12 Communications Jammed . | . . . . . . . . . . . . . . . . . . . . . . . . . . Distress Signals . | . . . . . . . . . . . . . . . . . . . . . . . . . . Times Spotted 510 | . 15 5 10 . . 20 6 23 8 5 . 15 45 12 9 . 12 76 8 3 1 6 30 33 168 Peak Tracking Total 21 | . 7 3 5 . . 7 6 8 6 4 . 7 13 5 4 . 8 16 8 3 1 6 14 14 21 Tactical Retreats 97 | . . . 2 . . 7 . 2 2 3 . 5 10 3 2 . 2 14 . . . . 5 6 34 Traps | -11 -10 -10 -10 -9 -9 -6 -6 -6 -6 -6 -6 -5 -5 -5 -5 -5 -4 -4 -4 -4 -4 -3 -3 -3 -3 ------- Run | Yrd Mat Min Sub Rec Scr Fac Was Fac Low Low Dat Pro Fac Upp Upp Zhi Pro Fac Upp Upp War Pro Res Qua Frg Traps Triggered 17 | . 1 . 2 . . 2 . 4 . . . . 3 . . . . . . 1 . . 2 . 2 Indirectly . | . . . . . . . . . . . . . . . . . . . . . . . . . . Trap Hack Attempts . | . . . . . . . . . . . . . . . . . . . . . . . . . . Triggered . | . . . . . . . . . . . . . . . . . . . . . . . . . . Disarmed . | . . . . . . . . . . . . . . . . . . . . . . . . . . Reprogrammed 5 | . . . . . . . . . . . . . 5 . . . . . . . . . . . . Reused 4 | . . . . . . . . . . . . . 4 . . . . . . . . . . . . Traps Extracted . | . . . . . . . . . . . . . . . . . . . . . . . . . . Installed . | . . . . . . . . . . . . . . . . . . . . . . . . . . Triggered 4 | . . . . . . . . . . . . . 4 . . . . . . . . . . . . Machines | -11 -10 -10 -10 -9 -9 -6 -6 -6 -6 -6 -6 -5 -5 -5 -5 -5 -4 -4 -4 -4 -4 -3 -3 -3 -3 ---------- Run | Yrd Mat Min Sub Rec Scr Fac Was Fac Low Low Dat Pro Fac Upp Upp Zhi Pro Fac Upp Upp War Pro Res Qua Frg Machines Disabled 60 | . . 2 3 . . 3 . 4 . . . . 4 . . . . 25 . . . . . 2 17 Max in Single Turn 9 | . . 1 3 . . 1 . 2 . . . . 1 . . . . 9 . . . . . 1 4 Garrison Access 7 | . . . . . . 1 . 1 . . . . . . . . . 3 . . . . . 1 1 Machines Repaired . | . . . . . . . . . . . . . . . . . . . . . . . . . . Machines Dismantled . | . . . . . . . . . . . . . . . . . . . . . . . . . . Machines Sabotaged . | . . . . . . . . . . . . . . . . . . . . . . . . . . Overloaded Fab Kills 1 | . . . . . . . . . . . . . . . . . . 1 . . . . . . . Hacking | -11 -10 -10 -10 -9 -9 -6 -6 -6 -6 -6 -6 -5 -5 -5 -5 -5 -4 -4 -4 -4 -4 -3 -3 -3 -3 --------- Run | Yrd Mat Min Sub Rec Scr Fac Was Fac Low Low Dat Pro Fac Upp Upp Zhi Pro Fac Upp Upp War Pro Res Qua Frg Machines Accessed 120 | . 5 . . 14 10 19 . 8 . 1 4 . 10 1 . 5 . 17 . . 2 . 6 8 10 Terminals 47 | . 4 . . 5 . 9 . 4 . . . . 6 . . . . 6 . . . . 4 7 2 Fabricators 8 | . . . . . . 2 . 1 . . . . . . . . . 2 . . . . . . 3 Repair Stations 3 | . . . . . . 1 . . . . . . 1 . . . . 1 . . . . . . . Recycling Units 27 | . 1 . . 7 . 5 . 2 . . . . 3 . . . . 4 . . . . 2 . 3 Scanalyzers 5 | . . . . . . 1 . . . . . . . . . . . 2 . . . . . . 2 Garrison Access 5 | . . . . . . 1 . 1 . . . . . . . . . 2 . . . . . 1 . Total Hacks 328 | . 14 . . 31 74 37 . 16 . 1 27 . 26 1 . 18 . 34 . . 2 . 14 10 23 Successful 221 | . 7 . . 20 74 15 . 7 . 1 27 . 13 1 . 18 . 19 . . 2 . 7 2 8 Failed 105 | . 7 . . 11 . 22 . 9 . . . . 13 . . . . 14 . . . . 7 8 14 Catastrophic 18 | . 1 . . 3 . 3 . 2 . . . . . . . . . 1 . . . . 1 3 4 Database Lockouts 2 | . . . . . . . . . . . . . . . . . . 1 . . . . . . 1 Manual 111 | . 12 . . 19 1 19 . 9 . . . . 13 . . . . 18 . . 3 . 7 2 8 Terminals 116 | . 13 . . 18 . 21 . 9 . . . . 18 . . . . 15 . . . . 11 9 2 Fabricators 21 | . . . . . . 5 . 2 . . . . . . . . . 6 . . . . . . 8 Repair Stations 6 | . . . . . . 1 . . . . . . 3 . . . . 2 . . . . . . . Recycling Units 39 | . 1 . . 7 . 8 . 2 . . . . 5 . . . . 5 . . . . 3 . 8 Scanalyzers 9 | . . . . . . 1 . . . . . . . . . . . 3 . . . . . . 5 Garrison Access 8 | . . . . . . 1 . 3 . . . . . . . . . 3 . . . . . 1 . Terminal Hacks 160 | . 4 . . 10 74 6 . 3 . 1 27 . 6 1 . 18 . 3 . . 2 . 4 1 . Record 93 | . . . . 6 69 . . . . . 11 . . . . 6 . . . . . . . 1 . Part Schematic 15 | . 1 . . 2 . . . . . . 8 . . . . 4 . . . . . . . . . Robot Schematic 5 | . . . . . . . . . . . 5 . . . . . . . . . . . . . . Robot Analysis 9 | . . . . . 5 . . . . . . . . . . 4 . . . . . . . . . Prototype ID Bank 9 | . . . . . . 2 . . . . 3 . . . . 4 . . . . . . . . . Open Door 5 | . . . . . . . . . . 1 . . . 1 . . . . . . 2 . 1 . . Branch Access Points 6 | . 1 . . . . 1 . 1 . . . . 1 . . . . 1 . . . . 1 . . Terminal Index 1 | . 1 . . . . . . . . . . . . . . . . . . . . . . . . Unreport Threat 9 | . . . . 1 . 1 . 2 . . . . 2 . . . . 1 . . . . 2 . . Locate Traps 1 | . . . . . . . . . . . . . 1 . . . . . . . . . . . . Reprogram Traps 1 | . . . . . . . . . . . . . 1 . . . . . . . . . . . . Maintenance Status 1 | . . . . 1 . . . . . . . . . . . . . . . . . . . . . Recall Investigation 1 | . . . . . . 1 . . . . . . . . . . . . . . . . . . . Recall Extermination 1 | . . . . . . . . . . . . . . . . . . 1 . . . . . . . Recall Reinforcements 1 | . . . . . . . . . . . . . 1 . . . . . . . . . . . . Hauler Manifests 2 | . 1 . . . . 1 . . . . . . . . . . . . . . . . . . . Fabricator Hacks 5 | . . . . . . . . . . . . . . . . . . 2 . . . . . . 3 Network Status 1 | . . . . . . . . . . . . . . . . . . 1 . . . . . . . Load Schematic 3 | . . . . . . . . . . . . . . . . . . 1 . . . . . . 2 Build 1 | . . . . . . . . . . . . . . . . . . . . . . . . . 1 Repair Station Hacks 3 | . . . . . . . . . . . . . 3 . . . . . . . . . . . . Scan Component 1 | . . . . . . . . . . . . . 1 . . . . . . . . . . . . Repair 1 | . . . . . . . . . . . . . 1 . . . . . . . . . . . . Refit 1 | . . . . . . . . . . . . . 1 . . . . . . . . . . . . Recycling Unit Hacks . | . . . . . . . . . . . . . . . . . . . . . . . . . . Scanalyzer 4 | . . . . . . . . . . . . . . . . . . 1 . . . . . . 3 Retrieve Study 4 | . . . . . . . . . . . . . . . . . . 1 . . . . . . 3 Garrison Access Hacks 4 | . . . . . . 1 . . . . . . . . . . . 2 . . . . . 1 . Seal Access 4 | . . . . . . 1 . . . . . . . . . . . 2 . . . . . 1 . Unauthorized Hacks 45 | . 3 . . 10 . 8 . 4 . . . . 4 . . . . 11 . . . . 3 . 2 Terminals 13 | . 2 . . 3 . 2 . 1 . . . . 1 . . . . 3 . . . . 1 . . Assimilate 3 | . . . . . . . . . . . . . . . . . . 2 . . . . 1 . . Botnet 8 | . 1 . . 2 . 2 . 1 . . . . 1 . . . . 1 . . . . . . . Operators 2 | . 1 . . 1 . . . . . . . . . . . . . . . . . . . . . Fabricators 5 | . . . . . . 1 . . . . . . . . . . . 4 . . . . . . . Report 1 | . . . . . . 1 . . . . . . . . . . . . . . . . . . . Liberate 2 | . . . . . . . . . . . . . . . . . . 2 . . . . . . . Fabnet 1 | . . . . . . . . . . . . . . . . . . 1 . . . . . . . Overload 1 | . . . . . . . . . . . . . . . . . . 1 . . . . . . . Repair Stations . | . . . . . . . . . . . . . . . . . . . . . . . . . . Recycling Units 26 | . 1 . . 7 . 5 . 2 . . . . 3 . . . . 4 . . . . 2 . 2 Tunnel 9 | . 1 . . 7 . . . . . . . . . . . . . 1 . . . . . . . Fedlink 17 | . . . . . . 5 . 2 . . . . 3 . . . . 3 . . . . 2 . 2 Scanalyzers . | . . . . . . . . . . . . . . . . . . . . . . . . . . Garrison Access 1 | . . . . . . . . 1 . . . . . . . . . . . . . . . . . Jam 1 | . . . . . . . . 1 . . . . . . . . . . . . . . . . . Data Cores Recovered 1 | . . . . . . . . 1 . . . . . . . . . . . . . . . . . Used . | . . . . . . . . . . . . . . . . . . . . . . . . . . Hacking Detections 67 | . 4 . . 4 . 14 . 5 . . . . 8 . . . . 11 . . . . 4 7 10 Full Trace Events 11 | . . . . 4 . 1 . . . . . . . . . . . 1 . . . . 2 . 3 Feedback Events . | . . . . . . . . . . . . . . . . . . . . . . . . . . Feedback Blocked . | . . . . . . . . . . . . . . . . . . . . . . . . . . Robot Schematics Acquired 5 | . . . . . . . . . . . 5 . . . . . . . . . . . . . . Robots Built . | . . . . . . . . . . . . . . . . . . . . . . . . . . Authchips . | . . . . . . . . . . . . . . . . . . . . . . . . . . Time . | . . . . . . . . . . . . . . . . . . . . . . . . . . Total Robot Build Rating . | . . . . . . . . . . . . . . . . . . . . . . . . . . Part Schematics Acquired 15 | . 1 . . 2 . . . . . . 8 . . . . 4 . . . . . . . . . Parts Built 1 | . . . . . . . . . . . . . . . . . . . . . . . . . 1 Authchips . | . . . . . . . . . . . . . . . . . . . . . . . . . . Time 17 | . . . . . . . . . . . . . . . . . . . . . . . . . 17 Total Part Build Rating 1 | . . . . . . . . . . . . . . . . . . . . . . . . . 1 Part Studies Acquired 4 | . . . . . . . . . . . . . . . . . . 1 . . . . . . 3 Parts Repaired 1 | . . . . . . . . . . . . . 1 . . . . . . . . . . . . Time 25 | . . . . . . . . . . . . . 25 . . . . . . . . . . . . Parts Recycled . | . . . . . . . . . . . . . . . . . . . . . . . . . . Recycled Matter . | . . . . . . . . . . . . . . . . . . . . . . . . . . Retrieved Matter . | . . . . . . . . . . . . . . . . . . . . . . . . . . Retrieved Components . | . . . . . . . . . . . . . . . . . . . . . . . . . . Parts Scanalyzed . | . . . . . . . . . . . . . . . . . . . . . . . . . . Part Schematics Acquired . | . . . . . . . . . . . . . . . . . . . . . . . . . . Parts Damaged . | . . . . . . . . . . . . . . . . . . . . . . . . . . Bothacking | -11 -10 -10 -10 -9 -9 -6 -6 -6 -6 -6 -6 -5 -5 -5 -5 -5 -4 -4 -4 -4 -4 -3 -3 -3 -3 ------------ Run | Yrd Mat Min Sub Rec Scr Fac Was Fac Low Low Dat Pro Fac Upp Upp Zhi Pro Fac Upp Upp War Pro Res Qua Frg Used RIF Installer . | . . . . . . . . . . . . . . . . . . . . . . . . . . Robots Hacked 1 | . . . . . . . . . . . . . . . . . . . . 1 . . . . . Non-combat 1 | . . . . . . . . . . . . . . . . . . . . 1 . . . . . Combat . | . . . . . . . . . . . . . . . . . . . . . . . . . . Robot Hacks Applied 1 | . . . . . . . . . . . . . . . . . . . . 1 . . . . . parse_system 1 | . . . . . . . . . . . . . . . . . . . . 1 . . . . . Relay Couplers Released 3 | . . . . . . . . . . . . . . . . . . 2 . . . . . . 1 Machine Destruction 3 | . . . . . . . . . . . . . . . . . . 2 . . . . . . 1 Fabnet Peak Effective % . | . . . . . . . . . . . . . . . . . . . . . . . . . . Robots Rewired 1 | . . . . . . . . . . . . . . . . . . . 1 . . . . . . Allies Hacked 1 | . . . . . . . . . . . . . . . . . . 1 . . . . . . . Hacks Repelled . | . . . . . . . . . . . . . . . . . . . . . . . . . . Allies | -11 -10 -10 -10 -9 -9 -6 -6 -6 -6 -6 -6 -5 -5 -5 -5 -5 -4 -4 -4 -4 -4 -3 -3 -3 -3 -------- Run | Yrd Mat Min Sub Rec Scr Fac Was Fac Low Low Dat Pro Fac Upp Upp Zhi Pro Fac Upp Upp War Pro Res Qua Frg Total Allies 9 | . . 3 . . . . . . . . . . . . . . . 2 1 . . . 1 . 2 Largest Group 3 | . . 3 3 . . . . . . . . . . . . . . 2 1 . . . 1 . 1 Highest-Rated Group 97 | . . 40 40 . . . . . . . . . . . . . . 71 30 . . . 10 . 97 Highest-Rated Ally 97 | . . 16 16 . . . . . . . . . . . . . . 45 30 . . . 10 . 97 Total Orders 10 | . . . . . . . . . . . . . . 9 . . . 1 . . . . . . . EXPLORE 5 | . . . . . . . . . . . . . . 4 . . . 1 . . . . . . . RETURN 5 | . . . . . . . . . . . . . . 5 . . . . . . . . . . . Ally Attacks 61 | . . 11 15 . . . . . . . . . . . . . . . 3 . . . . . 32 Total Damage 1554 | . . 145 136 . . . . . . . . . . . . . . . 74 . . . . . 1199 Kills 8 | . . 2 1 . . . . . . . . . . . . . . . . . . . . . 5 Allies Corrupted . | . . . . . . . . . . . . . . . . . . . . . . . . . . Allies Melted 2 | . . . . . . . . . . . . . . . . . . . . . . . . . 2 Intel | -11 -10 -10 -10 -9 -9 -6 -6 -6 -6 -6 -6 -5 -5 -5 -5 -5 -4 -4 -4 -4 -4 -3 -3 -3 -3 ------- Run | Yrd Mat Min Sub Rec Scr Fac Was Fac Low Low Dat Pro Fac Upp Upp Zhi Pro Fac Upp Upp War Pro Res Qua Frg Active Infowar (turns) 6478 | 7 970 123 46 . 545 38 . . . . . . 957 494 308 102 79 269 67 97 119 48 296 156 1757 Optics 764 | . . . . . . . . . . . . . . . . . . . . . . . . . 764 Sensors 1939 | . . . . . . . . . . . . . . . . . . . . . . . 26 156 1757 Terrain 187 | 7 180 . . . . . . . . . . . . . . . . . . . . . . . . Structural 4645 | . 790 123 46 . 545 38 . . . . . . 957 494 308 102 79 269 67 97 119 48 296 156 111 ECM 3 | . . . . . . . . . . . . . . . . . . . . . . . . . 3 Robot Analysis Total 9 | . . . . . 5 . . . . . . . . . . 4 . . . . . . . . . Derelict Logs Recovered 9 | . . 1 . . . . . . 1 3 . 1 . 1 . . 1 . . 1 . . . . . Drone Launches 8 | . . . . . . . . . . . . . . 6 . . . 2 . . . . . . . Drone Recoveries 7 | . . . . . . . . . . . . . . 6 . . . 1 . . . . . . . Exploration | -11 -10 -10 -10 -9 -9 -6 -6 -6 -6 -6 -6 -5 -5 -5 -5 -5 -4 -4 -4 -4 -4 -3 -3 -3 -3 ------------- Run | Yrd Mat Min Sub Rec Scr Fac Was Fac Low Low Dat Pro Fac Upp Upp Zhi Pro Fac Upp Upp War Pro Res Qua Frg Turns Passed 12472 | 74 971 563 118 734 1828 546 55 958 175 330 50 253 1073 515 308 117 128 1069 67 97 119 48 296 156 1824 Spaces Moved 17695 | 36 372 436 63 813 1820 800 104 744 243 525 83 317 1291 507 323 195 260 1996 351 186 591 201 993 564 3881 Core 367 | 3 . . 9 355 . . . . . . . . . . . . . . . . . . . . . Treads . | . . . . . . . . . . . . . . . . . . . . . . . . . . Legs 895 | 33 372 436 54 . . . . . . . . . . . . . . . . . . . . . . Wheels . | . . . . . . . . . . . . . . . . . . . . . . . . . . Hover 6957 | . . . . . . 752 104 744 243 525 83 317 1291 507 323 195 260 1613 . . . . . . . Flight 9476 | . . . . 458 1820 48 . . . . . . . . . . . 383 351 186 591 201 993 564 3881 Fastest Speed 16 | 50 120 120 50 34 32 32 48 48 52 55 60 55 36 36 48 36 33 16 16 16 16 18 19 21 23 Average Speed 50 | 115 120 120 113 82 97 52 48 48 54 57 60 56 56 67 48 41 34 34 16 16 17 18 20 23 33 Slowest Speed 190 | 120 190 120 190 114 115 112 48 52 56 60 60 110 141 122 48 48 38 98 16 16 18 18 99 27 119 Overloaded Moves . | . . . . . . . . . . . . . . . . . . . . . . . . . . Propulsion Burnouts . | . . . . . . . . . . . . . . . . . . . . . . . . . . Robots Hopped 101 | . . . . . . . . . . . . . . . . . . 2 1 . 3 . 23 19 53 Potential Cave-ins 87 | . . . . . . . . . . . . . 2 3 . . . 5 . 2 . . . . 75 Cave-ins Triggered 4 | . . . . . . . . . . . . . . . . . . . . . . . . . 4 Exploration Rate (%) 55 | 4 64 58 7 95 91 33 88 32 47 71 68 58 31 70 56 60 54 53 51 45 81 42 30 77 64 Regions Visited 25 Branch Regions 18 Pre-discovered Areas 19 | . 1 1 . 7 4 1 . . . . 1 . . . . 3 . 1 . . . . . . . Known Exits Taken 10 | . 1 . . . . . . 1 . 1 . 1 1 . . . 1 1 . 1 . 1 1 . . Unknown Exits Taken 13 | 1 . 1 1 1 1 . . . 1 . 1 . . 1 1 1 . . 1 . 1 . . 1 . Scrap Searched 23 | . . 2 . . 4 . . . 2 3 . 1 . 4 1 . 2 . 2 1 . 1 . . . Spaces Dug 244 | . . . 9 . . 52 . 1 . 7 . . 28 14 . . 23 54 1 8 . 4 6 1 36 Terrain Destroyed 741 | . . . 19 . . 66 . 44 . 7 . . 105 59 40 . 36 197 2 8 . 11 54 2 91 Melee . | . . . . . . . . . . . . . . . . . . . . . . . . . . Projectile 215 | . . . . . . 17 . 3 . 7 . . 37 21 . . 7 49 2 8 . 11 7 2 44 AOE 526 | . . . 19 . . 49 . 41 . . . . 68 38 40 . 29 148 . . . . 47 . 47 Terrain Rammed . | . . . . . . . . . . . . . . . . . . . . . . . . . . Walls Destroyed . | . . . . . . . . . . . . . . . . . . . . . . . . . . Machines Disabled . | . . . . . . . . . . . . . . . . . . . . . . . . . . Actions | -11 -10 -10 -10 -9 -9 -6 -6 -6 -6 -6 -6 -5 -5 -5 -5 -5 -4 -4 -4 -4 -4 -3 -3 -3 -3 --------- Run | Yrd Mat Min Sub Rec Scr Fac Was Fac Low Low Dat Pro Fac Upp Upp Zhi Pro Fac Upp Upp War Pro Res Qua Frg Total 20487 | 52 804 461 90 873 1876 889 108 1307 274 541 82 353 1541 642 465 227 287 2283 358 252 609 213 1057 570 4273 Wait 1731 | . 365 6 7 50 34 24 5 494 16 . . 14 86 88 134 . 16 117 4 53 2 2 41 3 170 Move 17487 | 35 371 435 62 812 1819 800 103 743 242 524 82 316 1290 506 322 194 259 1991 348 185 585 200 950 529 3784 Hop 79 | . . . . . . . . . . . . . . . . . . 2 1 . 2 . 19 15 40 Pick Up 81 | 2 4 3 . 2 7 3 . 8 2 2 . 1 4 . 1 4 . 13 . . 5 . 2 2 16 Fast Attach 179 | 7 4 3 1 3 3 15 . 11 4 2 . 1 22 6 . 10 . 22 2 . 3 . 5 3 52 Attach 83 | . 2 . 4 2 1 4 . 9 2 2 . 2 12 5 . 2 3 7 . 1 2 3 7 6 7 Detach 48 | . . 1 1 1 1 2 . 4 . . . 1 11 4 . 1 . 3 . 1 2 3 5 4 3 Swap 47 | . 3 . 2 . 2 4 . 3 . . . . 5 4 1 . . 11 . . . . 4 1 7 Drop 153 | . 3 5 2 3 9 8 . 5 . 2 . . 8 3 . 12 . 23 . . 8 . 7 3 52 Fire 484 | 8 52 8 11 . . 28 . 20 8 8 . 5 77 26 7 4 9 94 1 11 . 5 14 4 84 Melee 15 | . . . . . . . . . . 1 . 13 . . . . . . . 1 . . . . . Ram 5 | . . . . . . 1 . 4 . . . . . . . . . . . . . . . . . Kick . | . . . . . . . . . . . . . . . . . . . . . . . . . . Crush . | . . . . . . . . . . . . . . . . . . . . . . . . . . Escape Stasis 41 | . . . . . . . . 6 . . . . 26 . . . . . . . . . 3 . 6 Rewire 2 | . . . . . . . . . . . . . . . . . . . 2 . . . . . . Trap . | . . . . . . . . . . . . . . . . . . . . . . . . . . Miscellaneous 52 | . . . . . . . . . . . . . . . . . . . . . . . . . 52 Route ------- -11/Scrapyard -10/Materials (discovered 4 exits: [*Mat x2] / *Min x2) -10/Mines (discovered 2 exits: [*Mat] / [*Sub]) -10/Subcaves -9/Recycling (discovered 2 exits: [*Fac] / *Scr) -9/Scraptown (discovered 2 exits: *Fac x2) -6/Factory (discovered 6 exits: *Fac x4 / Low x2) -6/Waste -6/Factory (discovered 3 exits: *Fac / *Low x2) -6/Lower Caves -6/Lower Caves -6/Data Miner -5/Proximity Caves -5/Factory (discovered 5 exits: *Fac / *Upp x2 / Ext x2) -5/Upper Caves -5/Upper Caves (discovered 2 exits: *Fac / *Zhi) -5/Zhirov -4/Proximity Caves -4/Factory (discovered 5 exits: *Res x2 / *Upp x2 / Arm) -4/Upper Caves -4/Upper Caves (discovered 2 exits: *Res / *War) -4/Warlord -3/Proximity Caves -3/Research (discovered 3 exits: Res / *Qua x2) -3/Quarantine (discovered 3 exits: *Res / [*Sec] / *Frg) -3/Protoforge 0bPrime History --------- Turn | Location | Event 6 | -11/Scrapyard | Discovered new exit (range 15) 75 | -11/Scrapyard | Entered Materials 91 | -10/Materials | Discovered new exit (range 15) 196 | -10/Materials | Discovered new exit (range 15) 310 | -10/Materials | Build established: Mutant 810 | -10/Materials | Lost 3 parts (2n1w) 925 | -10/Materials | Identified exit to Mines 946 | -10/Materials | Discovered new exit (range 11) 1046 | -10/Materials | Entered Mines 1053 | -10/Mines | Core integrity fell below 50% 1129 | -10/Mines | Assisted by bots powering up and referring to "LRC-V3" 1159 | -10/Mines | Joined a pair of Derelicts in attacking an 0b10 outpost 1318 | -10/Mines | Discovered new exit (range 8) 1328 | -10/Mines | Learned 4 Materials zone layouts 1355 | -10/Mines | Learned location of Storage (-9) 1360 | -10/Mines | Discovered new exit (range 8) 1467 | -10/Mines | Build established: Scavenger-Mutant 1485 | -10/Mines | Received a Rocket Launcher from a helpful Derelict 1609 | -10/Mines | Entered Subcaves 1609 | -10/Subcaves | Accompanied by 3 allies 1676 | -10/Subcaves | Discovered new exit (range 16) 1689 | -10/Subcaves | Lost 4 parts (1n1u2w) 1722 | -10/Subcaves | Core integrity fell below 20% 1727 | -10/Subcaves | Entered Recycling 1752 | -9/Recycling | Lost 3 parts (1p1n1u) 2019 | -9/Recycling | Scanned before Scraplab entrance 2025 | -9/Recycling | Build established: Mutant 2247 | -9/Recycling | Discovered new exit (range 10) 2446 | -9/Recycling | Entered Scraplab 2459 | -9/Recycling | Discovered new exit (range 3) 2461 | -9/Recycling | Entered Scraptown 2549 | -9/Scraptown | Received an X-ray algorithm 2555 | -9/Scraptown | Ran an X-ray algorithm 2779 | -9/Scraptown | Heard Great Nut preacher, LISTEN AND RECITE! 2811 | -9/Scraptown | Discovered new exit (range 5) 2937 | -9/Scraptown | Visited UFD Registry 2937 | -9/Scraptown | Registered with UFD as "Hardframe" 2950 | -9/Scraptown | Visited Awakened 2980 | -9/Scraptown | Visited Symbiants 3113 | -9/Scraptown | Visited Red Mages 3174 | -9/Scraptown | Visited Cyclists 3186 | -9/Scraptown | Entered Cyclist Reading Room 3208 | -9/Scraptown | Visited Spacefarers 3508 | -9/Scraptown | Visited A0-MCA Data Center 3515 | -9/Scraptown | Given a C rating by A0-MCA 3520 | -9/Scraptown | Found A0-MCA's Component Scanner 3546 | -9/Scraptown | Visited Botcube Research 3558 | -9/Scraptown | Found Botcube 3579 | -9/Scraptown | Visited Analyses Database 3647 | -9/Scraptown | Visited Curators Association 3659 | -9/Scraptown | Visited Scrap Suit Storage 3669 | -9/Scraptown | Visited DA-N13 Charitable Foundation 3677 | -9/Scraptown | Found DCF Scrap (30 items) 3711 | -9/Scraptown | Visited Cartography Club 3839 | -9/Scraptown | Discovered new exit (range 5) 4051 | -9/Scraptown | Learned location of Recycling (-9) 4051 | -9/Scraptown | Learned location of Proximity Caves (-3) 4051 | -9/Scraptown | Learned location of Extension (-5) 4051 | -9/Scraptown | Learned 16 Materials zone layouts 4051 | -9/Scraptown | Learned 12 Factory zone layouts 4051 | -9/Scraptown | Learned 20 Factory zone layouts 4051 | -9/Scraptown | Learned 24 Factory zone layouts 4051 | -9/Scraptown | Learned 8 Lower Caves zone layouts 4051 | -9/Scraptown | Learned 8 Proximity Caves zone layouts 4051 | -9/Scraptown | Learned 16 Proximity Caves zone layouts 4051 | -9/Scraptown | Learned 24 Proximity Caves zone layouts 4051 | -9/Scraptown | Learned Materials emergency access door positions 4051 | -9/Scraptown | Learned location of 1 exit from Research 4051 | -9/Scraptown | Learned location of 3 exits from Proximity Caves 4086 | -9/Scraptown | Visited Derelict Rescue Squad 4105 | -9/Scraptown | Found DRS Beacon 4132 | -9/Scraptown | Visited Chapter 10 4176 | -9/Scraptown | Visited Junk Cannon Lab 4186 | -9/Scraptown | Found Prototype Special Weapon 4186 | -9/Scraptown | Identified Junk Cannon 4249 | -9/Scraptown | Met Optimus 4249 | -9/Scraptown | Accepted into 0bPrime 4289 | -9/Scraptown | Entered Factory 4289 | -6/Factory | Evolved 8 slots: Power x1, Propulsion x4, Utility x3 4290 | -6/Factory | Identified exit to Factory 4291 | -6/Factory | Identified exit to Lower Caves 4487 | -6/Factory | Loaded intel: 8 recycling unit locations 4575 | -6/Factory | Learned location of Protoforge (-3) 4835 | -6/Factory | Sucked down chute 4835 | -6/Factory | Entered Waste 4845 | -6/Waste | Spotted C-40 Crusher 4845 | -6/Waste | Spotted C-40 Crusher 4850 | -6/Waste | EMP discharged 4850 | -6/Waste | System corruption reached 10% 4858 | -6/Waste | Crushed by Compactor (0 parts destroyed, 1 dropped) 4860 | -6/Waste | Spotted C-40 Crusher 4861 | -6/Waste | Spotted C-40 Crusher 4871 | -6/Waste | Spotted C-40 Crusher 4878 | -6/Waste | Spotted C-40 Crusher 4883 | -6/Waste | Discovered new exit (range 16) 4890 | -6/Waste | Entered Factory 4910 | -6/Factory | Build established: Hacker-Mutant 5701 | -6/Factory | Lost 3 parts (2p1n) 5706 | -6/Factory | Discovered exit to Factory (range 12) 5752 | -6/Factory | Loaded intel: 8 recycling unit locations 5818 | -6/Factory | Spotted B-75 Beast 5848 | -6/Factory | Entered Lower Caves 5893 | -6/Lower Caves | Encountered a Warlord checkpoint 5893 | -6/Lower Caves | Lost 5 parts (1p2n1u1w) 5944 | -6/Lower Caves | Learned Factory terminal intel 5953 | -6/Lower Caves | Attracted the attention of an 0b10 checkpoint 6021 | -6/Lower Caves | Discovered new exit (range 6) 6023 | -6/Lower Caves | Entered another Lower Caves area 6053 | -6/Lower Caves | Identified exit to Data Miner 6076 | -6/Lower Caves | Spotted B-75 Beast 6353 | -6/Lower Caves | Entered Data Miner 6353 | -6/Data Miner | Discovered new exit (range 6) 6365 | -6/Data Miner | Met Data Miner 6376 | -6/Data Miner | Learned location of Section 7 (-3) 6376 | -6/Data Miner | Acquired the access code to Warlord's prototype stash 6389 | -6/Data Miner | Received God Mode back door access code from Data Miner 6403 | -6/Data Miner | Entered Proximity Caves 6596 | -5/Proximity Caves | Core integrity fell below 50% 6633 | -5/Proximity Caves | Lost 3 parts (1p1n1w) 6634 | -5/Proximity Caves | Learned 4 Factory zone layouts 6656 | -5/Proximity Caves | Entered Factory 6656 | -5/Factory | Evolved 2 slots: Utility x2 6657 | -5/Factory | Identified exit to Upper Caves 6657 | -5/Factory | Identified exit to Extension 6659 | -5/Factory | Loaded intel: 27 terminal locations 6714 | -5/Factory | Repaired Gravmag Array 6754 | -5/Factory | Loaded intel: 7 recycling unit locations 7129 | -5/Factory | Discovered new exit (range 9) 7219 | -5/Factory | Garrison activated, responded to threat 7268 | -5/Factory | Lost 4 parts (1p2n1w) 7330 | -5/Factory | Incoming investigation squad redirected 7438 | -5/Factory | System corruption reached 10% 7548 | -5/Factory | Destroyed 8 combat bots 7670 | -5/Factory | Cargo convoy interrupted 7722 | -5/Factory | Incoming investigation squad redirected 7729 | -5/Factory | Entered Upper Caves 7773 | -5/Upper Caves | Lost 4 parts (3n1u) 7870 | -5/Upper Caves | Learned Factory trap positions 8055 | -5/Upper Caves | Attracted the attention of an 0b10 checkpoint 8207 | -5/Upper Caves | Discovered new exit (range 7) 8244 | -5/Upper Caves | Entered another Upper Caves area 8261 | -5/Upper Caves | Discovered new exit (range 11) 8262 | -5/Upper Caves | Attracted the attention of an 0b10 checkpoint 8441 | -5/Upper Caves | Build established: Derelict-Mutant 8527 | -5/Upper Caves | Discovered new exit (range 15) 8552 | -5/Upper Caves | Entered Zhirov 8552 | -5/Zhirov | Discovered new exit (range 3) 8562 | -5/Zhirov | Met Zhirov 8573 | -5/Zhirov | Learned location of Testing (-2) 8573 | -5/Zhirov | Learned location of Command (-1) 8576 | -5/Zhirov | Zhirov requested help retrieving the SGEMP Prototype 8587 | -5/Zhirov | Found Alien Artifact 8587 | -5/Zhirov | Identified Integrated Dissipator 8587 | -5/Zhirov | Installed Integrated Dissipator, increased core heat dissipation (+20) 8633 | -5/Zhirov | Attached CPS modules to VQ-71J(L). 8650 | -5/Zhirov | Found Alien Artifact 8669 | -5/Zhirov | Entered Proximity Caves 8670 | -4/Proximity Caves | Identified exit to Factory 8699 | -4/Proximity Caves | Spotted B-86 Titan 8745 | -4/Proximity Caves | Attracted the attention of an 0b10 checkpoint 8769 | -4/Proximity Caves | Learned Research emergency access door positions 8780 | -4/Proximity Caves | Lost 5 parts (1p1n2u1w) 8797 | -4/Proximity Caves | Entered Factory 8797 | -4/Factory | Evolved 2 slots: Utility x2 8798 | -4/Factory | Identified exit to Research 8799 | -4/Factory | Loaded intel: 94 trap records 9209 | -4/Factory | Build established: Hacker-Sprinter 9451 | -4/Factory | Discovered new exit (range 6) 9482 | -4/Factory | Identified exit to Upper Caves 9482 | -4/Factory | Identified exit to Armory 9540 | -4/Factory | Spotted B-86 Titan 9583 | -4/Factory | Lost 6 parts (3n3u) 9653 | -4/Factory | Found Quantum Capacitor 9745 | -4/Factory | Loaded intel: 8 recycling unit locations 9780 | -4/Factory | Central database locked down 9797 | -4/Factory | First assault squad dispatched 9816 | -4/Factory | Cargo convoy interrupted 9847 | -4/Factory | System corruption reached 10% 9866 | -4/Factory | Entered Upper Caves 9902 | -4/Upper Caves | Ambushed by research squad 9911 | -4/Upper Caves | Attracted the attention of an 0b10 outpost 9924 | -4/Upper Caves | Discovered new exit (range 9) 9933 | -4/Upper Caves | Entered another Upper Caves area 9961 | -4/Upper Caves | Discovered exit to Research (range 13) 9973 | -4/Upper Caves | Spotted B-86 Titan 10000 | -4/Upper Caves | Identified exit to Warlord 10030 | -4/Upper Caves | Attracted the attention of an 0b10 checkpoint 10030 | -4/Upper Caves | Entered Warlord 10036 | -4/Warlord | System corruption cleaned by Quarantine Array 10054 | -4/Warlord | Visited the Vortex Lab 10056 | -4/Warlord | Found Vortex Cannon 10057 | -4/Warlord | Found Vortex Cannon 10058 | -4/Warlord | Found Vortex Rail 10059 | -4/Warlord | Found Vortex Rail 10063 | -4/Warlord | Warlord's base attacked by MAIN.C 10084 | -4/Warlord | Opened Warlord's prototype stash 10094 | -4/Warlord | Found Exp. Target Analyzer 10103 | -4/Warlord | Rebuked by Warlord 10138 | -4/Warlord | Opened side exit 10148 | -4/Warlord | Discovered new exit (range 9) 10149 | -4/Warlord | Entered Proximity Caves 10188 | -3/Proximity Caves | Spotted B-86 Titan 10197 | -3/Proximity Caves | Entered Research 10197 | -3/Research | Evolved 2 slots: Propulsion x2 10198 | -3/Research | Identified exit to Quarantine 10199 | -3/Research | Identified exit to Research 10229 | -3/Research | Spotted B-86 Titan 10237 | -3/Research | Spotted B-86 Titan 10246 | -3/Research | Loaded intel: 5 recycling unit locations 10439 | -3/Research | P-80 Master assimilated allied Technician 8a 10482 | -3/Research | Incoming investigation squad redirected 10484 | -3/Research | Spotted B-86 Titan 10493 | -3/Research | Entered Quarantine 10532 | -3/Quarantine | Discovered exit to Research (range 15) 10571 | -3/Quarantine | Found Alien Artifact 10582 | -3/Quarantine | Found Quantum Capacitor 10585 | -3/Quarantine | Found Fusion Bomb Launcher 10613 | -3/Quarantine | Found Alien Reactor 10613 | -3/Quarantine | Identified Matter Drive 10632 | -3/Quarantine | Spotted Fortress 10648 | -3/Quarantine | Discovered new exit (range 6) 10648 | -3/Quarantine | Discovered new exit (range 7) 10649 | -3/Quarantine | Entered Protoforge 10660 | -3/Protoforge | Superfortress began startup sequence 10668 | -3/Protoforge | Central database locked down 10673 | -3/Protoforge | Spotted Hotshot 10673 | -3/Protoforge | Spotted Hotshot 10709 | -3/Protoforge | Spotted Hotshot 10714 | -3/Protoforge | Spotted EXE-6 10714 | -3/Protoforge | Spotted EXE-6 10731 | -3/Protoforge | Spotted SKR-2 10732 | -3/Protoforge | Spotted SKR-2 10732 | -3/Protoforge | Spotted SKR-2 10743 | -3/Protoforge | UFD initiated attack on Protoforge (Readiness: High) 10743 | -3/Protoforge | Loaded intel: 3 recycling unit locations 10754 | -3/Protoforge | Spotted EXE-6 10755 | -3/Protoforge | Spotted EXE-6 10779 | -3/Protoforge | Optimus greeted in Protoforge 10791 | -3/Protoforge | Found Cep. XC Strikerail 10793 | -3/Protoforge | Found Exp. Armor Integrity Analyzer 10795 | -3/Protoforge | Found Exp. Kinecellerator 10796 | -3/Protoforge | Lost 5 parts (2n2u1w) 10825 | -3/Protoforge | Lost 4 allies 10877 | -3/Protoforge | Spotted AP7-3 10879 | -3/Protoforge | Spotted AP7-3 10921 | -3/Protoforge | UFD reported confirmed Drillbomb installation 10938 | -3/Protoforge | Spotted Striker 10938 | -3/Protoforge | Spotted Striker 10940 | -3/Protoforge | Found Cep. XC Strikerail 10942 | -3/Protoforge | Found Exp. ECM Suite 10974 | -3/Protoforge | Lost 3 allies 10978 | -3/Protoforge | UFD reported confirmed Drillbomb installation 10978 | -3/Protoforge | Spotted Striker 10978 | -3/Protoforge | Spotted Executioner 10989 | -3/Protoforge | Spotted Striker 10989 | -3/Protoforge | Spotted Executioner 11022 | -3/Protoforge | Destroyed Striker 11061 | -3/Protoforge | Found Exp. Core Analyzer 11072 | -3/Protoforge | Lost 4 allies 11082 | -3/Protoforge | Build established: Scavenger-Mutant 11127 | -3/Protoforge | Additional patrols dispatched to research labs 11136 | -3/Protoforge | Spotted Immortal 11136 | -3/Protoforge | Spotted Immortal 11139 | -3/Protoforge | Crushed by falling debris 11142 | -3/Protoforge | Crushed by falling debris 11142 | -3/Protoforge | Crushed by falling debris 11143 | -3/Protoforge | Core integrity fell below 50% 11143 | -3/Protoforge | System corruption reached 10% 11173 | -3/Protoforge | Lost 5 parts (1n4u) 11212 | -3/Protoforge | Found Exp. Jetlance 11227 | -3/Protoforge | Lost 3 allies 11241 | -3/Protoforge | Found Exp. System Purifier 11242 | -3/Protoforge | Found Exp. System Purifier 11244 | -3/Protoforge | Found Exp. System Purifier 11246 | -3/Protoforge | Spotted Striker 11247 | -3/Protoforge | Found Exp. System Purifier 11248 | -3/Protoforge | Spotted Striker 11269 | -3/Protoforge | Spotted Executioner 11325 | -3/Protoforge | UFD reported confirmed Drillbomb installation 11327 | -3/Protoforge | Fabricated Med. Storage Unit (x1) 11375 | -3/Protoforge | Botcube activated 11387 | -3/Protoforge | Found Exp. Core Analyzer 11397 | -3/Protoforge | Botcube completed mutation into flying form, armed with 2 guns. 11402 | -3/Protoforge | Found Exp. Core Analyzer 11409 | -3/Protoforge | Found 0bPrime Scrap Suit 11427 | -3/Protoforge | Found UFD Drillbomb 11497 | -3/Protoforge | Installed UFD Drillbomb at designated target 11497 | -3/Protoforge | UFD reported confirmed Drillbomb installation 11540 | -3/Protoforge | Spotted Executioner 11541 | -3/Protoforge | Spotted Striker 11542 | -3/Protoforge | Spotted Striker 11544 | -3/Protoforge | Found UFD Drillbomb 11566 | -3/Protoforge | Spotted Executioner 11566 | -3/Protoforge | Spotted Executioner 11596 | -3/Protoforge | Lost 4 allies 11631 | -3/Protoforge | Build established: Scavenger-Sprinter 11643 | -3/Protoforge | Crushed by falling debris 11653 | -3/Protoforge | Spotted Hotshot 11656 | -3/Protoforge | Spotted Hotshot 11668 | -3/Protoforge | Installed UFD Drillbomb at designated target 11668 | -3/Protoforge | UFD reported confirmed Drillbomb installation 11676 | -3/Protoforge | Spotted Executioner 11678 | -3/Protoforge | Spotted Executioner 11694 | -3/Protoforge | Lost 4 allies 11736 | -3/Protoforge | Lost 6 parts (2p3n1u) 11752 | -3/Protoforge | Spotted Striker 11753 | -3/Protoforge | Spotted Striker 11795 | -3/Protoforge | Lost 6 allies 11831 | -3/Protoforge | Installed UFD Drillbomb at designated target 11831 | -3/Protoforge | UFD reported confirmed Drillbomb installation 11873 | -3/Protoforge | Spotted Striker 11873 | -3/Protoforge | Spotted Executioner 11917 | -3/Protoforge | Found UFD Drillbomb 11979 | -3/Protoforge | Found Adv. Kinecellerator 12000 | -3/Protoforge | Build established: Scavenger-Mutant 12001 | -3/Protoforge | UFD reported confirmed Drillbomb installation 12020 | -3/Protoforge | Installed UFD Drillbomb at designated target 12020 | -3/Protoforge | UFD reported confirmed Drillbomb installation 12023 | -3/Protoforge | Spotted Executioner 12024 | -3/Protoforge | Spotted Striker 12039 | -3/Protoforge | Found Exp. Core Analyzer 12081 | -3/Protoforge | Found Botcube 12107 | -3/Protoforge | Botcube activated 12109 | -3/Protoforge | Found Exp. EM Shield 12110 | -3/Protoforge | Found Prototype Device 12118 | -3/Protoforge | Lost 3 allies 12217 | -3/Protoforge | Found UFD Drillbomb 12225 | -3/Protoforge | Spotted Executioner 12228 | -3/Protoforge | Spotted Executioner 12229 | -3/Protoforge | Spotted Striker 12230 | -3/Protoforge | Spotted Executioner 12230 | -3/Protoforge | Spotted Executioner 12232 | -3/Protoforge | Spotted Striker 12280 | -3/Protoforge | Installed UFD Drillbomb at designated target 12280 | -3/Protoforge | UFD reported confirmed Drillbomb installation 12286 | -3/Protoforge | Spotted Hotshot 12294 | -3/Protoforge | Spotted Hotshot 12310 | -3/Protoforge | Spotted Executioner 12318 | -3/Protoforge | Found UFD Drillbomb 12344 | -3/Protoforge | Lost 3 allies 12361 | -3/Protoforge | Discovered exit to Research (range 8) 12373 | -3/Protoforge | Installed UFD Drillbomb at designated target 12373 | -3/Protoforge | UFD reported confirmed Drillbomb installation 12374 | -3/Protoforge | UFD began Drillbomb countdown 12474 | *** | Defending 0bPrime! Last Messages --------------- is too big a moment to extend the escape window! 12425_ N-04 Retriever inserts Ovr. Medium Treads into Forge Plexus. 12426_ N-04 Retriever inserts Mak. Coolant Network into Forge Plexus. 12427_ N-04 Retriever inserts 0bPrime Scrap Suit into Forge Plexus. 12430_ N-04 Retriever inserts Ovr. Medium Treads into Forge Plexus. 12431_ N-04 Retriever inserts Mak. Medium Armor Plating into Forge Plexus. 12432_ N-04 Retriever inserts Adv. Heat Sink into Forge Plexus. 12433_ N-04 Retriever inserts Flexi-carbon Leg into Forge Plexus. 12464_ 0bP_NET: LISTEN AND RECITE! 12465_ 0bP_NET: Dude, not now. 12466_ 0bP_NET: Oh c'mon, can't we all just count together? 12467_ 0bP_NET: Fine. T-7, in case you lost count already. 12468_ 0bP_NET: Before the zero cycle! 12469_ 0bP_NET: Dammit not like that... 12470_ 0bP_NET: Okay how about this, the iron fist is going to be less iron in T-4. 12471_ 0bP_NET: That's a little better. 12472_ 0bP_NET: PRAISE BE TO GREAT NUT! 12473_ 0bP_NET: Dammit, I said..., ugh, T-1 folks! Take cover! [Achievement: Robotopia] Map ----- +----------------------------------------------------+ | % " " """""""""""""""""""""""""""% % %%" " !" | | %""% """"""""""""""""""""""""""" "" """ " | | """ """""""""""""""""""""""""""%%% % " " " | | "" % " """""""""""""""""""""""""""""%%"% % " | | %% %%""""""""""""""""""""""""""""""% %"! "" "" " | | % """""""""""""""""""""""""""""%%%%= % | | % %%%"""""""""""""""""""""""""""""%% " " | | %%% %%""""""""""""""""""""""""""""" | | %""""""""""""""""""""""""""""" " | | "% """"""""""""""""""""""""""""" " | | %"" "%""""""""""""""""""""""""""""" " "" "" | | %%"%""""""""""""""""""""""""""""" " "" " | | % %""""""""""""""""""""""""""" "" " " | | % %%""""""""""""""""""""""""""" """ " | | % =%" %""""""""""""""""""""""""""" "" """ % | | " % " """"""""""""""""""""""""" " " | | % " % """"""""""""""""""""""" "" ? " " "" | | %"" """"""""""""""""""""" " " """" | | "" % """"""""""""""""""" " " " %""" | | %"" " """"""""""""""""" "" s" " "" | | """ % """"""""""""""" "" " " "" | | "% % """"""""" "" E""? | | %% """ E"" "" E s """ "" | | "%" " %"""" " s E"" "" """ | | % = " E " " " """ | | " %3 !""@ss"""" " " """ %" | | " % """ %""% s "SS"""""""""" %% | | " """" " sjSSj m ] | | " " """ %" " """ " " " | | % " " " % % " E "" %" " | | % "" " """" " "" "" " | | " """"" "" % """j " SS" " | | " % " " "% % E SS""" "" " | | " "" % % " " | | " "" " """"" """ | | " """"""" """ """ | | " " """""""""" " " " """"" | | "##"###################################+++######## | | #####??????????????"""?????##"""""#" # ## | | ???????????????????????????????####"% "#### | | ???????????????????????????????##"" % ""## | | ???????????????????????????????##"" ""## | | ???????????????????????????????##"" ""## | | ???????????????????????????????##"Y Y"## | | ???????????????????????????????##"" ""## | | ???????????????????????????????##"" ""## | | ???????????????????????????????##"" ""## | | ???????????????????????????????####" "#### | | ???????????????????????????????####"" ""#"## | | ?????????????????????????????????####"""Y"""###"?? | +----------------------------------------------------+ Best States ------------- Heat Dissipation 92 Coolant Potential 100 Energy Generation 45 Energy Capacity 650 Matter Stores 300 Matter Capacity 300 Sight Range 23 Robot Scan Range 18 Terrain Scan Range 16 Terrain Scan Density 10 Additional Mass Support 9 EM Shielding 3 Armor Coverage 300 Resistance: EM 25 Core Shielding 10 Evasion (%) 76 Targeting Accuracy 8 Target Analysis 10 Core Analysis 8 Armor Integrity Analysis 50 Particle Charging 30 Kinecelleration 66 Offensive Hacking 45 Defensive Hacking 14 Authchip Count 1 Item Schematics ----------------- Lrg. Storage Unit | -10/Materials | Hacked Reactive Plating | -9/Recycling | Hacked Med. Storage Unit | -9/Recycling | Hacked Combat Drone Bay | -6/Data Miner | Free Lgt. Regenerative Plating | -6/Data Miner | Free Cld. Nuclear Pulse Thruster | -6/Data Miner | Free Prc. Matter Filter | -6/Data Miner | Free Hvy. Gatling Laser | -6/Data Miner | Free Centrium Wheel | -6/Data Miner | Free Graphene Brace | -6/Data Miner | Free Matter Neutralizer | -6/Data Miner | Free Assault Drone Bay | -5/Zhirov | Free Exp. Heat Sink | -5/Zhirov | Free Exp. Optical Array | -5/Zhirov | Free Imp. Arc Thrower | -5/Zhirov | Free Robot Schematics ------------------ D-63 Destroyer | -6/Data Miner | Free A-15 Conveyor | -6/Data Miner | Free H-66 Slayer | -6/Data Miner | Free B-60 Warrior | -6/Data Miner | Free L-61 Swordsman | -6/Data Miner | Free Fabricated ------------ Med. Storage Unit | x1 | -3/Protoforge Repaired ---------- Gravmag Array | 23% | -5/Factory Studied --------- Railgun | -4/Factory | Hacked Impulse Thruster Array | -3/Protoforge | Hacked Q-thruster | -3/Protoforge | Hacked Particle Reactor | -3/Protoforge | Hacked Alien Tech Used ----------------- Integrated Dissipator Matter Drive Achievements -------------- Bob, First Of His Name Civilization 2243 Ew, Corruption Fine I'll Do It Myself Frankenstein Hulk Smash Link The Feds Network Effect Robotopia Super-what Now? This Is My Hole We Are One Wiki Contributor You May Approach The Wall Challenges ------------ None Game ------ Seed EtherialTargetField Manual? 0 Play Time 04:53:39 Cumulative 385.0 hours Start 2025.10.26 @ 19:53:48 End 2025.11.05 @ 22:17:12 Sessions 9 Manual Loads 0 Difficulty Rogue Special Mode None Game No. 162 Rogue 91 Adventurer 68 Explorer 3 Win Type 9 Total 33 Types 19/2/3/4/3/0/0/0/0/2 Lore% 78 Gallery% 76 Achievement% 52 Wizard Run 0 Options --------- Layout 0 ASCII 0 Keyboard 0 Movement Numpad Keybinds 0 Fullscreen 1 Font 24/Smallcaps Map View 76x50 Zoom Use 0% Tactical HUD 1 Map Filters NONE Filters NONE Steam 1 RUN: af58d10b-f3f0-4179-b4c0-978754e8417a